 Dungeon Crawl Stone Soup version 0.21-a0-528-gf531e82 (webtiles) character file.

74562 kibaces the Peltast (level 15, -7/204 HPs)
             Began as a Minotaur Berserker on Dec 7, 2017.
             Was the Champion of Trog.
             Mangled by a fire elemental (11 damage)
             ... summoned by a deep elf mage
             ... on level 1 of the Elven Halls on Dec 8, 2017.
             The game lasted 01:15:37 (22609 turns).

kibaces the Peltast (Minotaur Berserker)           Turns: 22609, Time: 01:15:38

Health: -7/204     AC: 19    Str: 31    XL:     15   Next: 7%
Magic:  14/14      EV: 15    Int:  4    God:    Trog [******]
Gold:   1732       SH: 25    Dex: 17    Spells: 14/14 levels left

rFire    . . .     SeeInvis .   K - +6 war axe (elec)
rCold    . . .     Gourm    .   k - +2 large shield
rNeg     . . .     Faith    +   Q - +4 chain mail of Agoraphobia {MR+}
rPois    .         Spirit   .   (helmet restricted)
rElec    .         Reflect  .   (no cloak)
rCorr    .         Harm     .   (no gloves)
MR       ++++.                  u - +2 pair of boots
Stlth    ..........             n - amulet of faith
HPRegen  1.44/turn              A - +4 ring of evasion
MPRegen  0.14/turn              b - +5 ring of dexterity

@: berserking, regenerating, drained, very quick
A: retaliatory headbutt, horns 2
a: Berserk, Trog's Hand, Brothers in Arms, Burn Spellbooks, Renounce Religion


You were on level 1 of the Elven Halls.
You worshipped Trog.
Trog was exalted by your worship.
You were very hungry.

You visited 4 branches of the dungeon, and saw 22 of its levels.
You also visited: Sewer.

You collected 1852 gold pieces.
You spent 120 gold pieces at shops.

Inventory:

Hand Weapons
 s - a +1 antimagic broad axe
 w - a +5 antimagic executioner's axe
 D - a +4 antimagic broad axe
 H - a +4 broad axe of draining
 K - a +6 war axe of electrocution (weapon)
Armour
 k - a +2 large shield (worn)
 u - a +2 pair of boots (worn)
 E - +0 acid dragon scales
 Q - the +4 chain mail of Agoraphobia (worn) {MR+}
   (You took it off an orc on level 11 of the Dungeon)

   It affects your resistance to hostile enchantments.
Jewellery
 b - a +5 ring of dexterity (right hand)
 n - an amulet of faith (around neck)
 A - a +4 ring of evasion (left hand)
Wands
 m - a wand of iceblast (27)
 y - a wand of paralysis (9)
 G - a wand of flame (38)
 L - a wand of acid (11)
 M - a wand of scattershot (11)
Scrolls
 e - 3 scrolls of fog
 i - 14 scrolls of remove curse
 j - 2 scrolls of fear
 o - 2 scrolls of immolation
 p - 11 scrolls of identify
 q - 2 scrolls of enchant armour
 r - a scroll of magic mapping
 v - 8 scrolls of teleportation
Potions
 a - a potion of might
 d - 8 potions of curing
 l - 6 potions of resistance
 t - 2 potions of cancellation
 x - a potion of haste {unknown}
 B - 4 potions of agility
 C - a potion of invisibility
 F - 6 potions of flight
 I - 2 potions of ambrosia {unknown}
 J - 2 potions of heal wounds
Comestibles
 c - 8 bread rations
 f - 14 fruits
 g - 6 royal jellies
 h - 3 meat rations
 z - 2 chunks of flesh


   Skills:
 + Level 13.4(12.7) Fighting
 + Level 17.0(16.2) Axes
 + Level 12.9(12.2) Armour
 + Level 6.8(6.2) Dodging
 - Level 2.0(1.4) Stealth
 + Level 17.3(16.5) Shields


You had 14 spell levels left.
You didn't know any spells.

Dungeon Overview and Level Annotations

Branches:
Dungeon (13/15)            Temple (0/1) D:4            Lair (6/6) D:9
 Shoals (0/4) Lair:3       Spider (0/4) Lair:4        Slime (0/5) Lair:5
    Orc (2/2) D:11            Elf (1/3) Orc:2
 Vaults: D:13-14

Altars:
Ashenzari
Hepliaklqana
Kikubaaqudgha
Makhleb
Nemelex Xobeh
Okawaru
Qazlal
Ru
Sif Muna
Trog
Wu Jian
Jiyva

Shops:
D:6 !   D:8 *   Orc:1 (   Orc:2 (}%!

Portals:
Pandemonium: Orc:2


Innate Abilities, Weirdness & Mutations

You reflexively headbutt those who attack you in melee.
You have a pair of horns on your head.


Message History

Unknown command.
You closely miss the deep elf mage. Your headbutt misses the deep elf mage.
The deep elf mage is heavily wounded.
You slice the deep elf mage!!
You kill the deep elf mage!
Trog accepts your kill.
Trog appreciates your killing of a magic user.
Your shield and chain mail of Agoraphobia prevent you from hitting the deep elf mage.
You slash the deep elf mage!
The deep elf mage is almost dead.
You completely miss the deep elf mage. You hit the fire elemental.
The deep elf death mage points at you and mumbles some strange words.
The bolt of negative energy hits the fire elemental.
The fire elemental completely resists.
The bolt of negative energy hits you!
You feel drained.
* * * LOW HITPOINT WARNING * * *
The deep elf mage points at you and mumbles some strange words.
You block the stone arrow. The fire elemental hits you.
The fire elemental burns you!
You die...

....... #.....#
#.....# #..e..#
#.e§r?#
##..e§e##
#######E########
....#.e@..#.....
....#.ee.e#.....
e⌠..'.....'e.⌠..
....#.....#.....
....#.....#.....
#######'#######
##.....##
#.....# #..⌠..#


You could see a deep elf death mage, a deep elf archer, 8 deep elf magi, a fire
elemental and a hell rat.

Vanquished Creatures
  The ghost of Ijustatesigmund the Orcish Aeon, a journeyman HOAr of Cheibriados (Lair:6)
  The ghost of Ratty the Crack Shot, a journeyman CeBe of Trog (Lair:6)
  5 dire elephants (Lair:6)
  6 hydras
  Harold (Lair:2)
  An anaconda (Lair:6)
  3 death yaks (D:9)
  A two-headed ogre (D:11)
  4 orc high priests (Orc:2)
  A soul eater (Orc:2)
  A sixfirhy (Orc:2)
  4 orc knights (Orc:2)
  A gelid demonspawn (Orc:2)
  Pikel (D:7)
  2 deep elf magi (Elf:1)
  A cyclops (D:11)
  4 orc sorcerers (Orc:2)
  2 ugly things
  A rust devil (Orc:2)
  13 elephants
  A centaur zombie (D:10)
  5 black mambas
  Joseph (D:8)
  2 komodo dragons
  A rime drake (Lair:4)
  12 spiny frogs
  A merfolk (Lair:3)
  A red devil (Orc:2)
  7 trolls
  A polar bear (Lair:6)
  The ghost of Nattefrost the Spear-Bearer, an amateur MfCK of Xom (D:5)
  Prince Ribbit (D:7)
  6 hippogriffs
  3 hornets
  29 blink frogs
  17 dream sheep (Lair:6)
  A shadow (D:11)
  A wraith (D:12)
  3 wyverns
  Eustachio (D:5)
  2 redbacks (Lair:4)
  2 vampires (D:12)
  A basilisk (Lair:6)
  A spriggan (D:9)
  35 yaks
  5 hungry ghosts
  Grum (D:11)
  2 vampire mosquitoes (D:12)
  14 water moccasins
  3 soldier ants
  15 porcupines
  30 orc warriors
  An ice beast (D:9)
  An eye of draining (D:11)
  A slave (D:7)
  2 phantoms
  2 sky beasts
  A black bear (D:7)
  12 ogres
  The ghost of Nattefrost the Insei, an amateur DsMo (D:4)
  4 centaurs
  26 wolves
  13 crocodiles
  4 big kobolds
  Blork the orc (D:5)
  18 bullfrogs
  4 scorpions
  18 killer bees
  20 wights
  An electric eel (Lair:1)
  4 howler monkeys
  2 crimson imps
  A bullfrog zombie (D:6)
  23 orc priests
  2 bullfrog skeletons
  A gnoll shaman (D:2)
  4 hounds
  2 jellies
  3 iron imps (D:6)
  A centaur skeleton (D:4)
  Ijyb (D:5)
  5 iguanas
  25 orc wizards
  5 worker ants
  12 hell rats
  4 hound skeletons
  Robin (D:3)
  15 gnolls
  A howler monkey skeleton (D:7)
  27 river rats
  11 adders
  An ooze (D:2)
  2 adder skeletons (D:5)
  7 worms
  3 dart slugs
  7 leopard geckos
  66 orcs
  10 giant cockroaches
  23 goblins
  15 hobgoblins
  21 jackals
  18 quokkas
  2 ball pythons
  8 bats
  7 frilled lizards
  A giant cockroach zombie (D:5)
  21 kobolds
  A leopard gecko skeleton (D:6)
  23 rats
  2 butterflies (Lair:4)
  6 fungi
  4 plants
788 creatures vanquished.

Vanquished Creatures (collateral kills)
  3 orc high priests (Orc:2)
  An orc warrior (Orc:2)
4 creatures vanquished.

Vanquished Creatures (others)
  A black bear (D:7)
  5 fungi
  3 plants
9 creatures vanquished.

Grand Total: 801 creatures vanquished

Notes
Turn   | Place    | Note
-------+----------+-------------------------------------------
     0 | D:1      | kibaces the Minotaur Berserker began the quest for the Orb.
     0 | D:1      | Reached XP level 1. HP: 19/19 MP: 0/0
    15 | D:1      | Reached XP level 2. HP: 18/27 MP: 1/1
   481 | D:1      | Reached ** piety under Trog
   481 | D:1      | Reached XP level 3. HP: 33/33 MP: 2/2
   994 | D:2      | Reached XP level 4. HP: 41/41 MP: 3/3
  1002 | D:2      | Reached skill level 1 in Shields
  1152 | D:2      | Found a hazy altar of Hepliaklqana.
  1153 | D:2      | Found a bloodstained altar of Trog.
  1528 | D:3      | Found a deep blue altar of Sif Muna.
  1552 | D:3      | Reached skill level 5 in Axes
  1644 | D:3      | Reached XP level 5. HP: 47/47 MP: 4/4
  1742 | D:3      | Found a sacrificial altar of Ru.
  1886 | D:3      | Reached *** piety under Trog
  2200 | D:3      | Noticed Robin
  2206 | D:3      | Upgraded the game from 0.21-a0-525-ga34b322 to 0.21-a0-528-gf531e82
  2214 | D:3      | Killed Robin
  2485 | D:4      | Found a staircase to the Ecumenical Temple.
  2559 | D:4      | Reached XP level 6. HP: 26/53 MP: 5/5
  3095 | D:4      | Noticed Nattefrost's ghost (amateur DsMo)
  3119 | D:4      | Killed Nattefrost's ghost
  3372 | D:4      | Noticed a moth of wrath
  3375 | D:4      | Found a bloodstained altar of Trog.
  3386 | D:4      | Reached **** piety under Trog
  3591 | D:5      | Entered Level 5 of the Dungeon
  3598 | D:5      | Noticed Nattefrost's ghost (amateur MfCK)
  3699 | D:5      | Reached XP level 7. HP: 58/60 MP: 6/6
  3757 | D:5      | Reached skill level 5 in Fighting
  4121 | D:5      | Noticed Blork the orc
  4138 | D:5      | Killed Blork the orc
  4138 | D:5      | Reached skill level 5 in Armour
  4393 | D:5      | Killed Nattefrost's ghost
  4393 | D:5      | Reached skill level 5 in Shields
  4393 | D:5      | Reached XP level 8. HP: 68/68 MP: 7/7
  4497 | D:5      | Noticed Ijyb
  4515 | D:5      | Killed Ijyb
  4915 | D:5      | Noticed Eustachio
  4944 | D:5      | Killed Eustachio
  5353 | D:6      | Reached ***** piety under Trog
  5463 | D:6      | Found an ancient bone altar of Kikubaaqudgha.
  5571 | D:6      | Found Veol's Distillery.
  5574 | D:6      | Bought a potion of heal wounds for 75 gold pieces
  5574 | D:6      | Bought a potion of curing for 45 gold pieces
  5587 | D:6      | Found a burning altar of Makhleb.
  5854 | D:6      | Found a glowing drain.
  5863 | Sewer    | Entered a sewer
  5977 | Sewer    | Found a white marble altar of Elyvilon.
  6099 | D:6      | Reached XP level 9. HP: 69/75 MP: 8/8
  6269 | D:6      | Received a gift from Trog
  6580 | D:7      | Reached skill level 10 in Axes
  6601 | D:7      | Noticed Pikel
  6621 | D:7      | Killed Pikel
  7005 | D:8      | Noticed Prince Ribbit
  7149 | D:7      | Killed Prince Ribbit
  7390 | D:8      | Reached XP level 10. HP: 84/84 MP: 3/9
  7890 | D:8      | Found a sparkling altar of Nemelex Xobeh.
  8090 | D:8      | Found Siamiyd's General Store.
  8096 | D:8      | Noticed Joseph
  8118 | D:8      | Killed Joseph
  8290 | D:8      | Found an iron altar of Okawaru.
  8449 | D:9      | Received a gift from Trog
  8754 | D:9      | Reached skill level 10 in Shields
  8989 | D:9      | Found a stormy altar of Qazlal.
  9021 | D:9      | Reached skill level 1 in Stealth
  9023 | D:9      | Noticed a death yak
  9023 | D:9      | Noticed a death yak
  9032 | D:9      | Noticed a death yak
  9038 | D:9      | Killed a death yak
  9038 | D:9      | Reached skill level 5 in Dodging
  9046 | D:9      | Killed a death yak
  9050 | D:9      | Killed a death yak
  9052 | D:9      | Reached XP level 11. HP: 34/94 MP: 10/10
  9070 | D:9      | Found a staircase to the Lair.
  9271 | D:9      | Found a sparkling altar of Nemelex Xobeh.
  9780 | D:10     | Entered Level 10 of the Dungeon
  9794 | D:10     | Received a gift from Trog
 10836 | D:11     | Noticed a white ugly thing
 10850 | D:11     | Killed a white ugly thing
 10851 | D:11     | Found a staircase to the Orcish Mines.
 11218 | D:11     | Received a gift from Trog
 11344 | D:11     | Noticed a two-headed ogre
 11349 | D:11     | Killed a two-headed ogre
 11389 | D:11     | Reached skill level 10 in Armour
 11397 | D:11     | Got a transparent chain mail
 11408 | D:11     | Identified the +4 chain mail of Agoraphobia {MR+} (You took it off an orc on level 11 of the Dungeon)
 11548 | D:11     | Noticed Grum
 11549 | D:11     | Noticed an eight-headed hydra
 11562 | D:11     | Killed an 11-headed hydra
 11567 | D:11     | Killed Grum
 12144 | D:12     | Reached XP level 12. HP: 100/104 MP: 11/11
 12757 | D:13     | Found an ornate altar of the Wu Jian Council.
 12887 | Lair:1   | Entered Level 1 of the Lair of Beasts
 12965 | Lair:1   | Reached ****** piety under Trog
 13081 | Lair:1   | Received a gift from Trog
 14118 | Lair:2   | Reached skill level 10 in Fighting
 14226 | Lair:2   | Reached skill level 15 in Axes
 14756 | Lair:2   | Noticed Harold
 14766 | Lair:2   | Killed Harold
 15146 | Lair:3   | Reached XP level 13. HP: 103/114 MP: 12/12
 15275 | Lair:3   | Received a gift from Trog
 15817 | Lair:3   | Found a staircase to the Shoals.
 16900 | Lair:4   | Found a hole to the Spider Nest.
 17355 | Orc:1    | Entered Level 1 of the Orcish Mines
 17387 | Orc:1    | Found Nehyud's Antique Weapon Emporium.
 17628 | Orc:2    | Entered Level 2 of the Orcish Mines
 17721 | Orc:2    | Received a gift from Trog
 17877 | Orc:2    | Found a staircase to the Elven Halls.
 17969 | Orc:2    | Reached skill level 15 in Shields
 18014 | Orc:2    | Found Qipparghi's Distillery.
 18022 | Orc:2    | Found Izoskuawu's Food Boutique.
 18234 | Orc:2    | Received a gift from Trog
 19148 | Lair:5   | Reached XP level 14. HP: 126/126 MP: 13/13
 19186 | Lair:5   | Found a staircase to the Slime Pits.
 19187 | Lair:5   | Found a viscous altar of Jiyva.
 19540 | Lair:5   | Received a gift from Trog
 19835 | Lair:6   | Entered Level 6 of the Lair of Beasts
 20116 | Lair:6   | Noticed Ratty's ghost (journeyman CeBe)
 20138 | Lair:6   | Killed Ratty's ghost
 20138 | Lair:6   | Received a gift from Trog
 20173 | Lair:6   | Noticed Ijustatesigmund's ghost (journeyman HOAr)
 20193 | Lair:6   | Killed Ijustatesigmund's ghost
 20471 | Lair:6   | Found a shattered altar of Ashenzari.
 22045 | Orc:2    | Received a gift from Trog
 22055 | Orc:2    | Reached XP level 15. HP: 98/136 MP: 14/14
 22202 | Orc:2    | Found Zaum's Gadget Emporium.
 22202 | Orc:2    | Found a one-way gate leading to the halls of Pandemonium.
 22202 | Orc:2    | Found Liunam's Antique Weapon Shoppe.
 22595 | Elf:1    | Entered Level 1 of the Elven Halls
 22609 | Elf:1    | HP: 4/204 [deep elf death mage/bolt of negative energy (22)]
 22609 | Elf:1    | Mangled by a fire elemental

Vault maps used:
D:1:      giann_horns
D:2:      gammafunk_temple_overflow_pools, first_bread
D:3:      kennysheep_goblin_castle, nicolae_ru_great_annihilating_truth,
          lemuel_blue_sif_altar, hangedman_abyss_or_decor_lesser_grid,
          minivault_14, hangedman_decor_lopped
D:4:      minmay_temple_entry_mist, tgw_trog
D:5:      wad_river_or_something, uniq_blork_the_orc, uniq_eustachio, uniq_ijyb
D:6:      kiku_gazebo_garden_becter, demons_altar, serial_shops,
          kennysheep_mini_moat, cheibrodos_sewer_entry_bend
D:7:      uniq_pikel
D:8:      marbit_many_paths, serial_shops, shop, nemelex_spade_bored_becter,
          uniq_prince_ribbit1, uniq_joseph
D:9:      minmay_opposing_rooms, nicolae_qazlal_general_emergency,
          old_standard_altar, dpeg_lair_monsters, the_bakery
D:11:     erik_orc_3, uniq_grum
D:12:     serial_park_tiny_2
D:13:     basic_altar
Lair:1:   lemuel_ratsnest, beast_lair_carwin_10, infiniplex_staircase_pool
Lair:2:   kennysheep_rathole, uniq_harold
Lair:3:   elwin_shoals_entry_rooms
Lair:4:   spider_nest_entry_webs, lemuel_fruit_fields
Lair:5:   slime_altar_1
Lair:6:   due_jungle_book, basic_altar, st_stairs_4, grunt_megastairs_2,
          lemuel_fruit_fields
Orc:1:    serial_shops, shop, uniq_gastronok
Orc:2:    pf_orc_diabolical
Elf:1:    minmay_elf_arrival_plus, minmay_elf_annihilation,
          kennysheep_underground_church
Sewer:    sewer_kobolds

Skill      XL: |  1  2  3  4  5  6  7  8  9 10 11 12 13 14 15 |
---------------+----------------------------------------------+-----
Axes           | 4 5 6 7 8 10 11 13 15 16 17 | 17.0
Fighting       | 4 5 6 7 9 10 12 13 | 13.4
Shields        | 1 2 4 5 7 9 11 12 14 15 17 | 17.3
Armour         | 3 4 5 6 7 9 10 11 12 | 12.9
Dodging        | 3 4 5 6 |  6.8
Stealth        | 1 2 |  2.0

Action                   |  1- 3 |  4- 6 |  7- 9 | 10-12 | 13-15 || total
-------------------------+-------+-------+-------+-------+-------++-------
Melee: Hand axe          |    91 |   248 |   287 |       |       ||   626
       Headbutt          |    11 |    35 |    74 |   139 |   175 ||   434
       War axe           |       |       |   150 |   769 |   601 ||  1520
Invok: Berserk           |     1 |     3 |     4 |     7 |    11 ||    26
       Trog's Hand       |       |       |     1 |     1 |     2 ||     4
       Burn Spellbooks   |       |       |       |     3 |     1 ||     4
       Brothers in Arms  |       |       |       |     1 |     1 ||     2
  Use: Scroll            |       |       |     7 |    19 |     5 ||    31
       Potion            |       |       |       |     1 |     2 ||     3
 Stab: Paralysed         |       |     2 |       |       |       ||     2
  Eat: Chunk             |     1 |     9 |    16 |    12 |    15 ||    53
       Fruit             |       |     2 |       |    10 |     4 ||    16
       Royal jelly       |       |       |     1 |     1 |       ||     2
       Meat ration       |       |       |       |     3 |     1 ||     4
       Bread ration      |       |       |       |     1 |     2 ||     3
Armor: Animal skin       |    11 |       |       |       |       ||    11
       Chain mail        |    16 |    74 |   134 |   163 |   117 ||   504
Dodge: Dodged            |    40 |    36 |    51 |    95 |   181 ||   403
Block: Large shield      |    34 |   177 |   351 |   621 |   598 ||  1781

Table legend:
 A = Spawn XP
 B = Non-spawn XP
 C = Spawn XP percentage of total XP
 D = Spawn monster count
 E = Non-spawn monster count
 F = Spawn count percentage of total count
 G = Total turns spent on level
                    A         B        C        D         E        F      G
               +---------+---------+-------+---------+---------+-------+---------
         Total |       0 |  106518 |   0.0 |       0 |     779 |   0.0 | 22609
               +---------+---------+-------+---------+---------+-------+---------
           D:1 |       0 |      51 |   0.0 |       0 |      29 |   0.0 |   736
           D:2 |       0 |     123 |   0.0 |       0 |      18 |   0.0 |   766
           D:3 |       0 |     192 |   0.0 |       0 |      55 |   0.0 |   983
           D:4 |       0 |     302 |   0.0 |       0 |      15 |   0.0 |  1177
           D:5 |       0 |    1326 |   0.0 |       0 |      30 |   0.0 |  1626
           D:6 |       0 |     850 |   0.0 |       0 |      33 |   0.0 |   810
           D:7 |       0 |    2431 |   0.0 |       0 |      41 |   0.0 |  1011
           D:8 |       0 |    1290 |   0.0 |       0 |      27 |   0.0 |  1252
           D:9 |       0 |    6429 |   0.0 |       0 |      49 |   0.0 |  1253
          D:10 |       0 |    1670 |   0.0 |       0 |      22 |   0.0 |   892
          D:11 |       0 |    5968 |   0.0 |       0 |      48 |   0.0 |  1492
          D:12 |       0 |    5518 |   0.0 |       0 |      39 |   0.0 |   789
          D:13 |       0 |    1121 |   0.0 |       0 |       9 |   0.0 |    69
        Lair:1 |       0 |    5637 |   0.0 |       0 |      68 |   0.0 |   945
        Lair:2 |       0 |    3512 |   0.0 |       0 |      24 |   0.0 |  1188
        Lair:3 |       0 |    4783 |   0.0 |       0 |      21 |   0.0 |  1364
        Lair:4 |       0 |    6485 |   0.0 |       0 |      24 |   0.0 |  1099
        Lair:5 |       0 |   12747 |   0.0 |       0 |      49 |   0.0 |  1379
        Lair:6 |       0 |   26163 |   0.0 |       0 |      65 |   0.0 |  1383
         Orc:1 |       0 |    1169 |   0.0 |       0 |      14 |   0.0 |   367
         Orc:2 |       0 |   17471 |   0.0 |       0 |      88 |   0.0 |  1788
         Elf:1 |       0 |    1135 |   0.0 |       0 |       2 |   0.0 |    14
         Sewer |       0 |     145 |   0.0 |       0 |       9 |   0.0 |   226
               +---------+---------+-------+---------+---------+-------+---------
